 Dungeon Sprint DCSS version 0.31-a0-596-g831eee08f1 (webtiles) character file.

Game seed: 11951206321732518667

1146 sircluck the Grappler (level 8, -4/63 HPs)
             Began as an Octopode Shapeshifter on Aug 20, 2023.
             Was a High Priest of Qazlal.
             Killed from afar by an air elemental (17 damage)
             ... with a stunning burst
             ... while paralysed by an air elemental
             ... in the Dungeon (Sprint V: "Ziggurat Sprint").
             The game lasted 00:05:29 (344 turns).

sircluck the Grappler (Octopode Shapeshifter)        Turns: 344, Time: 00:05:29

Health: -4/63      AC:  1    Str: 28    XL:     8   Next: 38%
Magic:  8/8        EV:  2    Int: 22    God:    Qazlal [*****.]
Gold:   0          SH:  0    Dex: 25    Spells: 7/7 levels left

rFire   + .          .
                       - Unarmed
rCold   . . .        I - +18 shield of the Gong {Loud rN+ Will+ rCorr EV-5}
rNeg    + . .        (helmet currently unavailable)
rPois   .            (no amulet)
rElec   .            t - +6 ring of dexterity
rCorr   +            u - +6 ring of dexterity
SInv    .            v - +6 ring of intelligence
Will    +....        w - +6 ring of intelligence
Stlth   ++           x - +6 ring of strength
HPRegen 0.30/turn    y - +6 ring of strength
MPRegen 0.11/turn    s - ring of flight
                     (no ring)

%: no teleportation, repel missiles
@: paralysed, beast-form, protected from fire, flying
A: beast (slay +4), almost no armour, amphibious, 8 rings, camouflage 1,
gelatinous body 1, (nimble swimmer 1), tentacles
a: Begin Untransformation, Renounce Religion, Upheaval, Elemental Force,
Disaster Area


You were in the Dungeon.
You worshipped Qazlal.
Qazlal was extremely pleased with you.
You were a hulking beast.
You visited 1 branch

Inventory:

Hand Weapons
 m - the +4 shortbow of Action {drain, rPois rF+ Will+ Str+4}
   (You found it in the Dungeon)

   Str+4:     It affects your strength (+4).
   rF+:       It protects you from fire.
   rPois:     It protects you from poison Will+: It increases your willpower.
 H - the +16 obsidian axe {drain, demonic, Mesm Drain Fly SInv}
   (You found it in the Dungeon)

   Mesm:      Its wielder is mesmerised by any visible foes, and it cannot be
   unequipped while any foes are visible.
   SInv:      It lets you see invisible.
   Fly:       It grants you flight.
   Drain:     It drains your maximum health when unequipped.
 J - the +27 heavy crossbow "Sniper" {heavy, Acc+∞ SInv}
   (You found it in the Dungeon)

   Acc+∞: It never misses its target.
   SInv:      It lets you see invisible.
Armour
 G - a +3 tower shield
 I - the +18 shield of the Gong (worn) {Loud rN+ Will+ rCorr EV-5}
   (You found it in the Dungeon)

   Loud:      It is deafeningly noisy when blocking attacks.
   EV-5:      It affects your evasion (-5).
   rN+:       It protects you from negative energy.
   Will+:     It increases your willpower.
   rCorr:     It protects you from acid and corrosion.
Jewellery
 s - a ring of flight (on tentacle)
 t - a +6 ring of dexterity (left tentacle)
 u - a +6 ring of dexterity (right tentacle)
 v - a +6 ring of intelligence (on tentacle)
 w - a +6 ring of intelligence (on tentacle)
 x - a +6 ring of strength (on tentacle)
 y - a +6 ring of strength (on tentacle)
 K - an amulet of guardian spirit
Talismans
 b - a beast talisman (active)
 c - a flux talisman
 D - a blade talisman
 E - a maw talisman
 F - a serpent talisman
Wands
 z - a wand of mindburst (6)
 A - a wand of iceblast (14)
 B - a wand of quicksilver (7)
Scrolls
 i - 3 scrolls of blinking
 o - 4 scrolls of amnesia
 p - 8 scrolls of fog
 q - 5 scrolls of identify
 r - 2 scrolls of fear
Potions
 a - a potion of lignification
 d - 10 potions of curing
 e - 8 potions of heal wounds
 f - 6 potions of haste
 g - 7 potions of magic
 h - 3 potions of berserk rage
 j - 2 potions of brilliance
 k - 2 potions of invisibility
 l - 4 potions of resistance
 n - 5 potions of might
Miscellaneous
 C - a lightning rod (4/4)
 L - a phantom mirror


   Skills:
 + Level 9.2 Fighting
 + Level 9.4 Dodging
 + Level 9.7 Unarmed Combat
 + Level 8.3 Shapeshifting


You had 7 spell levels left.
You didn't know any spells.
Your spell library contained the following spells:

 Spells                   Type           Power      Damage    Failure   Level
 Ensorcelled Hibernation  Hex/Ice        0%         N/A       47%         2
 Leda's Liquefaction      Hex/Erth       0%         N/A       98%         4
 Freezing Cloud           Conj/Ice/Air   0%         6-21      100%        5


Dungeon Overview and Level Annotations

Branches:
Dungeon (1/1)

Altars:
Ashenzari
Cheibriados
Dithmenos
Elyvilon
Fedhas
Gozag
Hepliaklqana
Kikubaaqudgha
Makhleb
Nemelex Xobeh
Okawaru
Qazlal
Ru
Sif Muna
Trog
Uskayaw
Vehumet
Wu Jian
Xom
Yredelemnul
Zin
The Shining One
Jiyva
Lugonu

Annotations:
D 1 transporter


Innate Abilities, Weirdness & Mutations

You are a hulking beast.
Your limbs bulge with bestial killing power. (Slay +4)
You cannot wear most types of armour.
You are amphibious.
You can wear up to eight rings at the same time.
Your skin changes colour to match your surroundings (Stealth+).
Your rubbery body absorbs attacks. (AC +1, EV +1)
((You are camouflaged when in or above water. (Stealth+)))
You have tentacles for arms and can constrict up to eight enemies at once.


Message History

Aiming: Thunderbolt
Press: ? - help, Q - select action, (/) - cycle Shift-Dir - straight line, f/p - deep elf pyromancer
Aim: a deep elf pyromancer, wielding a +0 dagger (lightly wounded)
The thunderbolt hits the deep elf knight!
The deep elf knight is almost dead.
The thunderbolt hits the deep elf zephyrmancer!
You kill the deep elf zephyrmancer!
Qazlal accepts your kill.
The thunderbolt hits the air elemental.
The air elemental completely resists.
The air elemental is severely damaged.
The thunderbolt hits the +4 mace of venom.
The +4 mace of venom completely resists.
The thunderbolt hits the deep elf pyromancer!!
The deep elf pyromancer is severely wounded.
The deep elf pyromancer points at you and mumbles some strange words.
The bolt of fire hits you!!
You feel protected from fire.
The +5 trident of protection hits you from afar!!
* * * LOW HITPOINT WARNING * * *
You block the air elemental's attack.
GONNNNG!
Your lightning rod (4/4) has regained one charge.
Your phantom mirror has recharged.
Your Fighting skill increases to level 9!
Your Dodging skill increases to level 9!
Your Unarmed Combat skill increases to level 9!
Your Shapeshifting skill increases to level 8!
You have reached level 8!
Blink to where?
Press: ? - help, Q - select action, (/) - cycle Dir - move target, p - deep elf pyromancer
Found a transporter.
As you read the scroll of blinking, it crumbles to dust.
You feel much better.
The air elemental fires a burst of electricity at you.
The stunning burst hits you!
You suddenly lose the ability to move!
* * * LOW HITPOINT WARNING * * *
The air elemental fires a burst of electricity at you.
The stunning burst hits you!
You die...

▓..|))...▓..)|)...▓
▓........▓..|.)...▓
▓........▓........▓
▓........▓..)†....▓
▓.▓††..▓.▓.▓....▓.▓
▓...©....▓...©....▓
▓▓▓▓▓▓▓▓▓▓▓▓▓▓▓▓▓▓▓
▓..8©8..▓ ▓h.::[..▓
▓..:))..▓ ▓.○e....▓
▓..()...▓ ▓(.E....▓
▓.§e....▓ ▓.▓°..▓.▓
▓...©...▓ ▓▓▓▓▓▓▓▓▓


You could see a deep elf knight, a deep elf pyromancer, an air elemental and 2
dancing weapons.

Vanquished Creatures
  A deep elf zephyrmancer (D)
  A naga (D)
  A warg (shapeshifter) (D)
  An acid dragon (shapeshifter) (D)
  An ogre (shapeshifter) (D)
  2 phantoms (D)
  2 jellies (D)
  An adder (D)
  2 river rats (D)
  An adder skeleton (D)
  A worm (shapeshifter) (D)
  2 endoplasms (D)
  3 ball pythons (D)
19 creatures vanquished.

Notes
Turn   | Place    | Note
-------+----------+-------------------------------------------
     0 | D        | sircluck the Octopode Shapeshifter began the quest for the
                  | Orb.
     0 | D        | Reached XP level 1. HP: 13/13 MP: 1/1
     0 | D        | Found a shimmering blue altar of Sif Muna.
     0 | D        | Found a bloodstained altar of Trog.
     0 | D        | Found a sacrificial altar of Ru.
     0 | D        | Found a stormy altar of Qazlal.
     0 | D        | Found an iron altar of Okawaru.
     1 | D        | Found a sparkling altar of Nemelex Xobeh.
     1 | D        | Found a blossoming altar of Fedhas.
     1 | D        | Found the +6 Majin-Bo {spellvamp, MP+6 Int+6}
     1 | D        | Found the +27 heavy crossbow "Sniper" {heavy, Acc+∞ SInv}
     1 | D        | Found the +10 dark maul {heavy}
     1 | D        | Found the +15 Maxwell's patent armour {-Cast -Tele rElec
                  | Will+ rCorr}
     1 | D        | Found the +18 shield of the Gong {Loud rN+ Will+ rCorr
                  | EV-5}
     1 | D        | Found the +16 obsidian axe {drain, demonic, Mesm Drain Fly
                  | SInv}
     1 | D        | Found the +7 great mace "Firestarter" {flame, immolate,
                  | rFlCloud rF++}
     1 | D        | Found the +6 shillelagh "Devastator" {shatter}
     1 | D        | Found the +11 plutonium sword {Contam Stlth-}
     1 | D        | Found the +8 lance "Wyrmbane" {slay drac, rPois rF+ rC+
                  | AC+3}
     1 | D        | Found the +9 sword of Zonguldrok {reap}
     1 | D        | Found the +13 scythe of Curses {drain, curses, Drain}
     1 | D        | Found the +9 sword of Power {lifebolt}
     1 | D        | Found the +7 mace of Variability {chaos, chaos arc}
     1 | D        | Found the +11 Singing Sword {sonic wave}
     1 | D        | Found the +8 storm bow {elec, penet}
     3 | D        | Found a transporter.
     3 | D        | Found an ancient bone altar of Kikubaaqudgha.
     3 | D        | Found a viscous altar of Jiyva.
     3 | D        | Found a corrupted altar of Lugonu.
     3 | D        | Found a hazy altar of Hepliaklqana.
     3 | D        | Found a burning altar of Makhleb.
     3 | D        | Found an opulent altar of Gozag.
    83 | D        | Became a worshipper of Qazlal Stormbringer
    98 | D        | Reached XP level 2. HP: 22/22 MP: 2/2
   105 | D        | Entered arena 2.
   105 | D        | Found a transporter.
   118 | D        | Reached skill level 5 in Unarmed Combat
   118 | D        | Reached XP level 3. HP: 14/27 MP: 3/3
   125 | D        | Got the +4 shortbow of Action {drain, rPois rF+ Will+
                  | Str+4}
   175 | D        | Entered arena 3.
   175 | D        | Noticed a phantom
   175 | D        | Noticed a phantom
   175 | D        | Found a transporter.
   182 | D        | Killed a phantom
   182 | D        | Reached * piety under Qazlal
   183 | D        | Reached skill level 5 in Fighting
   183 | D        | Reached skill level 5 in Dodging
   183 | D        | Reached skill level 5 in Shapeshifting
   183 | D        | Reached XP level 4. HP: 19/35 MP: 4/4
   186 | D        | Killed a phantom
   187 | D        | Reached XP level 5. HP: 16/41 MP: 5/5
   281 | D        | Entered arena 4.
   281 | D        | Found a transporter.
   284 | D        | Reached ** piety under Qazlal
   289 | D        | Reached XP level 6. HP: 40/47 MP: 6/6
   294 | D        | Got the Folio of Charms and Anemomancy
   297 | D        | Entered arena 5.
   297 | D        | Noticed an acid dragon
   297 | D        | Noticed a warg
   297 | D        | Noticed a wyvern
   297 | D        | Noticed a warg
   297 | D        | Found a transporter.
   298 | D        | a warg changed into a bullfrog
   301 | D        | Killed a warg
   301 | D        | Reached *** piety under Qazlal
   306 | D        | a wyvern changed into a scorpion
   307 | D        | Killed an acid dragon
   308 | D        | Reached XP level 7. HP: 27/54 MP: 7/7
   322 | D        | Entered arena 6.
   322 | D        | Noticed a naga
   322 | D        | Found a transporter.
   324 | D        | Reached **** piety under Qazlal
   326 | D        | Killed a naga
   330 | D        | Reached ***** piety under Qazlal
   339 | D        | Entered arena 7.
   339 | D        | Noticed a deep elf knight
   339 | D        | Noticed a deep elf zephyrmancer
   339 | D        | Noticed a +4 mace of venom
   339 | D        | Noticed a deep elf pyromancer
   339 | D        | Noticed a +5 trident of protection
   339 | D        | Noticed an air elemental
   342 | D        | Killed a deep elf zephyrmancer
   343 | D        | Reached XP level 8. HP: 5/63 MP: 8/8
   343 | D        | Found a transporter.
   344 | D        | Paralysed by an air elemental for 1 turns
   344 | D        | Killed from afar by an air elemental

Illustrated notes

Levels and vault maps discovered:
D:        sprint_v [room_start, room_1, room_2, room_3, room_4, room_5, room_6,
          room_7, room_8, room_9, room_10, room_11, room_12, room_13, room_14,
          room_15, room_16, room_17, room_18, room_19, room_20, room_21,
          room_22, room_23, room_24, room_25, room_26, room_27]

Skill      XL: |  1  2  3  4  5  6  7 |
---------------+----------------------+-----
Fighting       | 3 4 5 6 7 9 |  9.2
Dodging        | 4 5 6 7 9 |  9.4
Unarmed Combat | 4 5 6 7 8 9 |  9.7
Shapeshifting  | 4 5 6 7 8 |  8.3

Action                     |  1- 3 |  4- 6 |  7- 9 || total
---------------------------+-------+-------+-------++-------
  Melee: Unarmed           |     7 |    19 |     8 ||    34
         Tentacles         |     2 |     3 |     2 ||     7
         Constrict         |     1 |     1 |     1 ||     3
  Evoke: Lightning rod     |       |     1 |     2 ||     3
         Wand              |       |       |     1 ||     1
         Phantom mirror    |       |       |     1 ||     1
    Use: Potion            |     1 |       |     2 ||     3
         Scroll            |       |       |     1 ||     1
  Dodge: Dodged            |     5 |     4 |     4 ||    13
         Repelled          |       |       |     1 ||     1
  Block: Tower shield      |     1 |       |       ||     1
         Kite shield       |     6 |    23 |    12 ||    41

Table legend: (Time is in decaauts)
 A = Elapsed time spent in this place.
 B = Non-inter-level travel time spent in this place.
 C = Inter-level travel time spent in this place.
 D = Time resting spent in this place.
 E = Time spent auto-exploring this place.
 F = Levels seen in this place.
 G = Mean time per level.
                   A        B        C        D        E       F      G
               +--------+--------+--------+--------+--------+-----+--------+
         Total |    339 |    327 |     12 |    129 |      0 |   1 |  339.0 |
       Dungeon |    339 |    327 |     12 |    129 |      0 |   1 |  339.0 |
               +--------+--------+--------+--------+--------+-----+--------+

Top non-repeatable levels by time:
       D: 339 daAuts
